 Dungeon Crawl Stone Soup version 0.21.1-1-g345015f (webtiles) character file.

56 Mgcat the Skirmisher (level 3, -1/29 HPs)
             Began as a Demonspawn Chaos Knight on Feb 9, 2018.
             Slain by a kobold
             ... wielding a +0 morningstar
              (4 damage)
             ... on level 2 of the Dungeon.
             The game lasted 00:03:18 (1389 turns).

Mgcat the Skirmisher (Demonspawn Chaos Knight)      Turns: 1389, Time: 00:03:19

Health: -1/29      AC:  5    Str: 13    XL:     3   Next: 71%
Magic:  2/2        EV: 12    Int: 13    God:    Xom [..*...]
Gold:   79         SH:  0    Dex: 12    Spells: 2/2 levels left

rFire    + . .     SeeInvis .   a - +0 mace (chaos)
rCold    . . .     Gourm    .   (no shield)
rNeg     . . .     Faith    .   b - +2 leather armour
rPois    .         Spirit   .   (helmet restricted)
rElec    .         Reflect  .   (no cloak)
rCorr    .         Harm     .   (no gloves)
MR       .....                  (no boots)
Stlth    +.........             (no amulet)
HPRegen  0.09/turn              q - ring of protection from fire {rF+, !d}
MPRegen  0.08/turn              (no ring)

@: slowed, very slow
A: horns 1, demonic guardian 1, low mp 1, spiny 1
a: Renounce Religion


You were on level 2 of the Dungeon.
You worshipped Xom.
You were a toy of Xom.
You were not hungry.

You visited 1 branch of the dungeon, and saw 3 of its levels.

You collected 79 gold pieces.

Inventory:

Hand Weapons
 a - a +0 mace of chaos (weapon)
Armour
 b - a +2 leather armour (worn)
Jewellery
 q - a ring of protection from fire (left hand) {rF+, !d}
   (You found it on level 2 of the Dungeon)
Scrolls
 e - 2 scrolls of immolation {unknown}
 f - 2 scrolls of remove curse {unknown}
 j - 3 scrolls of identify {unknown}
 k - a scroll of enchant armour {unknown}
 n - 2 scrolls of teleportation {unknown}
 p - a scroll of enchant weapon {unknown}
Potions
 d - a potion of curing {unknown}
 g - a potion of lignification {unknown}
 h - a potion of heal wounds
 r - a potion of magic {unknown}
Comestibles
 c - 3 rations
 i - 3 chunks of flesh {@w0}


   Skills:
 + Level 3.4 Fighting
 + Level 3.1 Maces & Flails
 + Level 2.3 Armour
 + Level 1.7 Dodging


You had 2 spell levels left.
You didn't know any spells.

Dungeon Overview and Level Annotations

Branches:
Dungeon (3/15)

Altars:
Cheibriados
Elyvilon
Okawaru
Sif Muna
Xom
Yredelemnul
Zin


Innate Abilities, Weirdness & Mutations

A weak demonic guardian rushes to your aid.
You are partially covered in sharp spines.
You have a pair of small horns on your head.
Your magical capacity is low. (-10% MP)


Message History

The frilled lizard is struck by your spines.
You kill the frilled lizard!
The hobgoblin hits you but does no damage.
The kobold throws a stone.
The stone hits you. The kobold barely misses you.
The kobold is struck by your spines.
You kill the kobold!
The kobold throws a stone.
The stone hits you but does no damage. The hobgoblin is struck by your spines.
The hobgoblin hits you but does no damage.
The rat closely misses you.
You climb upwards.
There is a stone staircase leading down here.
You hit the hobgoblin.
You kill the hobgoblin!
The rat is struck by your spines. The rat barely misses you.
You sock the rat!
You kill the rat!
Unknown command.
HP restored.
Items here: ( )) † a club; 15 poisoned needles; an uncursed blowgun; a hobgoblin corpse You butcher the hobgoblin corpse.
i - 3 chunks of flesh {@w0}
Things that are here:
a club; 15 poisoned needles; an uncursed blowgun
Things that are here:
a club; 15 poisoned needles; an uncursed blowgun Eating one of 3 chunks of flesh {@w0}.
You eat one of the 3 chunks of flesh {@w0}.
This raw flesh tastes terrible.
You butcher the rat corpse.
i - 3 chunks of flesh {@w0} (gained 1) Done exploring.
Done exploring.
Done exploring.
Done exploring.
Done exploring.
Done exploring.
There is a stone staircase leading down here.
You climb downwards.
A kobold comes into view. It is wielding a morningstar.
The kobold shouts!
The kobold misses you.
The kobold throws a stone.
The stone hits you but does no damage. The kobold closely misses you.
There is a stone staircase leading up here.
You see here 3 stones.
You closely miss the kobold.
The kobold throws a stone.
The stone barely misses you. The kobold hits you but does no damage.
You hit the kobold.
The kobold is moderately wounded.
The kobold barely misses you.
An orc comes into view. It is wielding a dagger.
You closely miss the kobold. You headbutt the kobold.
The kobold is severely wounded.
Your ufetubus hits the kobold.
The kobold dies!
The centaur shoots an arrow.
The arrow closely misses you.
The centaur shoots an arrow.
The arrow hits you!
Things that are here:
3 arrows; a kobold corpse The centaur unwields an uncursed shortbow.
The centaur hits you.
You see here a scroll labeled SOVAFI BEESHOODOUL.
You hit the centaur.
The centaur is lightly wounded.
The centaur hits you!
* * * LOW HITPOINT WARNING * * *
Your ufetubus hits the centaur but does no damage.
Your ufetubus hits the centaur. The centaur is struck by your spines.
The centaur hits you.
* * * LOW HITPOINT WARNING * * *
Your ufetubus closely misses the centaur.
Your ufetubus hits the centaur but does no damage.
The centaur wields an uncursed shortbow.
The centaur shoots an arrow.
The arrow misses you.
Your ufetubus hits the centaur.
Your ufetubus barely misses the centaur.
Things that are here:
3 arrows; a kobold corpse The kobold barely misses you.
The centaur shoots an arrow.
The arrow hits your shadow imp.
Your ufetubus hits the centaur.
Your ufetubus barely misses the centaur.
The orc barely misses you.
There is a stone staircase leading up here.
Things that are here:
2 arrows; 4 stones Xom's power touches on you for a moment.
You feel yourself slow down.
You feel horribly lethargic.
The centaur unwields an uncursed shortbow.
The centaur closely misses your shadow imp.
Your ufetubus barely misses the centaur.
Your ufetubus hits the centaur. The kobold misses you.
The orc closely misses you.
Your ufetubus hits the centaur.
Your ufetubus hits the centaur but does no damage.
The centaur hits your ufetubus.
Your shadow imp hits the centaur but does no damage.
You climb upwards.
There is a stone staircase leading down here.
The orc hits you but does no damage. The kobold hits you with a morningstar.
You die...

#.#...#...##..#.#####..#.#
#.#.#......#..#.# ##...#.###
#...#.........#.# #........#####
#..##......#.##.###.............
#..##.#.........................
#.###.##..##.#.........#.#######
#.###.##..##.#..###....#.# #
#...............###....#.#
#####.....##.##@##.....#.##
#.........Ko...#......#
####..######...#...##.#####
########..######.#####........##
#...............(...............
#.######..####.#.#..#..##.##...#
#.# ##..# #.#.#.###.##....#..
#.# ##...## #.#.##.#..##..#...#
#.# #..#..###.#.......##..##.##


You could see an orc and a kobold.

Vanquished Creatures
  An ooze (D:1)
  2 leopard geckos
  8 bats
  4 giant cockroaches
  9 goblins
  3 hobgoblins
  2 jackals (D:1)
  5 kobolds
  3 frilled lizards
  5 rats
42 creatures vanquished.

Vanquished Creatures (collateral kills)
  A kobold (D:3)
1 creature vanquished.

Grand Total: 43 creatures vanquished

Notes
Turn   | Place    | Note
-------+----------+-------------------------------------------
     0 | D:1      | Mgcat the Demonspawn Chaos Knight began the quest for the Orb.
     0 | D:1      | Reached XP level 1. HP: 18/18 MP: 1/1
    22 | D:1      | XOM: harmless Erth miscast
    42 | D:1      | Reached skill level 1 in Dodging
    95 | D:1      | Reached skill level 2 in Armour
    95 | D:1      | Gained mutation: You are partially covered in sharp spines. [demonic ancestry]
    95 | D:1      | Reached XP level 2. HP: 22/24 MP: 2/2
   192 | D:1      | XOM: harmless Erth miscast
   285 | D:1      | Reached skill level 3 in Maces & Flails
   306 | D:1      | Gained mutation: A weak demonic guardian rushes to your aid. [demonic ancestry]
   306 | D:1      | Reached XP level 3. HP: 29/29 MP: 3/3
   355 | D:1      | XOM: harmless Fire miscast
   423 | D:1      | XOM: harmless Tmut miscast
   658 | D:2      | Found a glowing silver altar of Zin.
   659 | D:2      | Found a snail-covered altar of Cheibriados.
   662 | D:2      | Found a white marble altar of Elyvilon.
   666 | D:2      | Found a shimmering altar of Xom.
   666 | D:2      | Found a deep blue altar of Sif Muna.
   667 | D:2      | Found a basalt altar of Yredelemnul.
   788 | D:2      | XOM: harmless Erth miscast
  1218 | D:3      | XOM: noise
  1220 | D:3      | Found an iron altar of Okawaru.
  1224 | D:3      | Noticed a centaur
  1228 | D:3      | XOM: cast spell 'Summon Butterflies'
  1231 | D:3      | HP: 6/29 [centaur/arrow (2)]
  1236 | D:2      | Gained mutation: Your magical capacity is low. (-10% MP) [potion of mutation]
  1236 | D:2      | Gained mutation: You have a pair of small horns on your head. [potion of mutation]
  1237 | D:2      | HP: 2/29 [poisoned by a kobold]
  1324 | D:3      | XOM: enchant monster (bad)
  1384 | D:3      | HP: 3/29 [centaur (7)]
  1387 | D:3      | XOM: mild Necr miscast
  1389 | D:2      | Slain by a kobold

Skill      XL: |  1  2 |
---------------+-------+-----
Dodging        | 1 |  1.7
Armour         | 2 |  2.3
Maces & Flails | 3 |  3.1
Fighting       | |  3.4

Action                   || total
-------------------------++-------
Melee: Mace              ||    65
       Headbutt          ||     2
  Use: Potion            ||     4
  Eat: Chunk             ||     1
Armor: Leather armour    ||    27
Dodge: Dodged            ||    75

Vault maps used:
D:1:      giann_forest_graveyard
D:2:      grunt_temple_overflow_open, kennysheep_generic_room_13
D:3:      lemuel_crystal_altar, st_stairs_1

Table legend:
 A = Turns spent in this place as a percentage of turns spent in the entire game.
 B = Non-inter-level travel turns spent in this place as a percentage of non-inter-level travel turns spent in the entire game.
 C = Inter-level travel turns spent in this place as a percentage of turns spent in this place.
 D = Turns resting spent in this place as a percentage of non-inter-level travel turns spent in this place.
 E = Turns spent auto-exploring this place as a percentage of non-inter-level travel turns spent in this place.
 F = Non-inter-level travel turns spent in this place divided by the number of levels of this place that you've seen.
                   A       B       C       D       E      F
               +-------+-------+-------+-------+-------+----------------------
         Total | 100.0 | 100.0 |   5.6 |   0.0 |  83.8 | 437.0
       Dungeon | 100.0 | 100.0 |   5.6 |   0.0 |  83.8 | 437.0
               +-------+-------+-------+-------+-------+----------------------

Table legend:
 A = Kills in this place as a percentage of kills in entire the game.
 B = Kills by you in this place as a percentage of kills by you in the entire game.
 C = Kills by friends in this place as a percentage of kills by friends in the entire game.
 D = Other kills in this place as a percentage of other kills in the entire game.
 E = Experience gained in this place as a percentage of experience gained in the entire game.
 F = Experience gained in this place divided by the number of levels of this place that you have seen.
                   A       B       C       D       E      F
               +-------+-------+-------+-------+-------+----------------------
         Total | 100.0 | 100.0 | 100.0 |   N/A | 100.0 |  27.0
       Dungeon | 100.0 | 100.0 | 100.0 |   N/A | 100.0 |  27.0
               +-------+-------+-------+-------+-------+----------------------
